 Dungeon Crawl Stone Soup version 0.30.1-11-g7821555f0a (webtiles) character file.

Game seed: 3497073067472433028

51325 vytenis3d the Basher (level 14, -20/95 HPs)
             Began as a Gargoyle Gladiator on Nov 1, 2023.
             Was the Champion of Okawaru.
             Killed from afar by Mara (illusionary) (41 damage)
             ... with a bolt of fire
             ... on level 3 of the Snake Pit.
             The game lasted 01:21:13 (16591 turns).

vytenis3d the Basher (Gargoyle Gladiator)          Turns: 16591, Time: 01:21:13

Health: -20/95     AC: 39    Str: 27    XL:     14   Next: 59%
Magic:  0/14       EV:  8    Int:  9    God:    Okawaru [******]
Gold:   2130       SH: 11    Dex: 13    Spells: 13/14 levels left

rFire   . . .        L - +9 flail (drain)
rCold   . . .        V - +0 kite shield
rNeg    + . .        K - +4 plate armour
rPois   ∞            c - +0 helmet
rElec   +            D - +0 cloak
rCorr   .            w - +2 pair of gloves
SInv    .            S - +2 pair of boots {Fly}
Will    +....        j - amulet of guardian spirit Stlth
                     h - +6 ring of strength
HPRegen 0.35/turn    f - +4 ring of slaying
MPRegen 0.14/turn

%: guardian spirit
@: about to teleport, flying
A: sickness immunity, AC +10, big wings, negative energy resistance 1,
electricity resistance, torment resistance 1, petrification resistance
a: Renounce Religion, Heroism, Finesse, Duel


You were on level 3 of the Snake Pit.
You worshipped Okawaru.
Okawaru was exalted by your worship.
You visited 4 branches of the dungeon, and saw 16 of its levels.
You also visited: Bailey.

You collected 2130 gold pieces.

Inventory:

Hand Weapons
 a - a +2 executioner's axe of venom
 E - a +3 dire flail
 L - a +9 flail of draining (weapon)
 Q - the +4 great sword of the Sun {flame, Str+3}
   (You found it in a bailey)

   Str:       It affects your strength (+3).
 T - a +5 flail
Missiles
 d - 5 throwing nets
 p - 2 javelins
 x - 25 poisoned darts
 H - 4 boomerangs (quivered)
 I - a silver boomerang
 O - 2 silver javelins
Armour
 c - a +0 helmet (worn)
 w - a +2 pair of gloves (worn)
 D - a +0 cloak (worn)
 G - the +5 ring mail of the Disturbing Ears {Rampage}
   (You found it on level 9 of the Dungeon)

   Rampage:   It bestows one free step when moving towards enemies.
 K - a +4 plate armour (worn)
 S - a +2 pair of boots of flying (worn)
 V - a +0 kite shield (worn)
 X - the +2 leather armour of Fortitude {*Slow Will+ rCorr}
   (You found it on level 7 of the Dungeon)

   rCorr:     It protects you from acid and corrosion.
   *Slow:     It may slow you when you take damage.
   Will:      It increases your willpower.
Jewellery
 f - a +4 ring of slaying (right hand)
 h - a +6 ring of strength (left hand)
 j - an amulet of guardian spirit (around neck)
Wands
 g - a wand of flame (29)
 B - a wand of light (14)
 N - a wand of digging (7)
 U - a wand of polymorph (3)
 Y - a wand of mindburst (6)
Scrolls
 b - 3 scrolls of amnesia
 k - 2 scrolls of magic mapping
 m - a scroll of brand weapon {unknown}
 n - 2 scrolls of enchant weapon
 o - 3 scrolls of fear
 q - 4 scrolls of teleportation
 s - 2 scrolls of fog {unknown}
 y - 4 scrolls of blinking {unknown}
 z - 3 scrolls of immolation
 A - 4 scrolls of silence {unknown}
 F - 2 scrolls of vulnerability {unknown}
 J - a scroll of noise
Potions
 e - 2 potions of lignification {unknown}
 i - 2 potions of invisibility
 l - 4 potions of brilliance
 r - 3 potions of flight
 u - 3 potions of haste
 v - 5 potions of degeneration
 C - a potion of cancellation {unknown}
 M - a potion of magic {unknown}
 P - a potion of attraction {unknown}


   Skills:
 * Level 13.9 Fighting
 - Level 14.0 Maces & Flails
 + Level 9.3 Throwing
 + Level 11.5 Armour
 - Level 3.1 Dodging
 + Level 1.6 Stealth
 + Level 9.9 Shields
 + Level 0.6 Spellcasting
 + Level 0.5 Earth Magic
 + Level 0.2 Invocations


You had 13 spell levels left.
You knew the following spells:

 Your Spells              Type           Power      Damage    Failure   Level
a - Sandblast             Erth           2%         2d4       99%         1

Your spell library contained the following spells:

 Spells                   Type           Power      Damage    Failure   Level
 Apportation              Tloc           0%         N/A       99%         1
 Magic Dart               Conj           0%         1d3       99%         1
 Necrotise                Necr           0%         1d4       99%         1
 Passwall                 Tmut/Erth      0%         N/A       100%        2
 Poisonous Vapours        Pois/Air       0%         N/A       100%        2
 Scorch                   Fire           0%         2d5       100%        2
 Searing Ray              Conj           0%         2d4       100%        2
 Static Discharge         Conj/Air       0%         2-2/arc   100%        2
 Ignite Poison            Fire/Tmut/Pois 0%         N/A       100%        3
 Mephitic Cloud           Conj/Pois/Air  0%         N/A       100%        3
 Stone Arrow              Conj/Erth      0%         3d7       100%        3
 Airstrike                Air            0%         2d(0-16)  100%        4
 Flame Wave               Conj/Fire      0%         2d4       100%        4
 Fulminant Prism          Conj/Hex       0%         3d5       100%        4
 Leda's Liquefaction      Hex/Erth       0%         N/A       100%        4
 Freezing Cloud           Conj/Ice/Air   0%         6-21      100%        5
 Shatter                  Erth           0%         3d5*      100%        9
 Summon Small Mammal      Summ           Unusable   N/A       N/A         1
 Call Imp                 Summ           Unusable   N/A       N/A         2
 Cigotuvi's Dreadful Rot  Necr/Pois/Air  Unusable   N/A       N/A         2
 Summon Lightning Spire   Summ/Air       Unusable   N/A       N/A         4
 Summon Cactus Giant      Summ           Unusable   N/A       N/A         6

Dungeon Overview and Level Annotations

Branches:
Dungeon (9/15)             Temple (1/1) D:4            Lair (3/5) D:9
  Swamp (0/4) Lair:3        Snake (3/4) Lair:3       Bailey (visited)
    Orc: D:9-12

Altars:
Ashenzari
Cheibriados
Dithmenos
Elyvilon
Fedhas
Gozag
Hepliaklqana
Kikubaaqudgha
Makhleb
Nemelex Xobeh
Okawaru
Qazlal
Ru
Sif Muna
Trog
Uskayaw
Vehumet
Wu Jian
Xom
Yredelemnul
Zin
The Shining One

Shops:
D:1 (   D:6 *   Snake:3 (

Annotations:
Snake:3 Mara, Vashnia


Innate Abilities, Weirdness & Mutations

You are immune to sickness and miasma.
Your stone body is resilient. (AC +10)
You are immune to poison.
Your large and strong wings let you fly.
You resist negative energy. (rN+)
You are resistant to electric shocks. (rElec)
You are resistant to unholy torment.
You are immune to petrification.


Message History

Aizul coils herself and waves her upper body at you.
The poison arrow hits you. You partially resist.
You sock Aizul!
Aizul is almost dead.
Aizul barely misses you.
You sock Aizul! You drain Aizul.
Aizul is almost dead.
Mara blinks!
You block Aizul's attack.
You bludgeon Aizul!!
You kill Aizul!
Okawaru is honoured by your kill.
Mara blinks!
You see here the guardian serpent corpse of Aizul.
Vashnia shouts!
Vashnia shoots an arrow.
The arrow hits you but does no damage.
Vashnia shoots an arrow.
The arrow hits you but does no damage.
Vashnia shoots an arrow.
You block the arrow.
The naga sharpshooter casts a spell.
The naga sharpshooter magically shoots a bolt.
The bolt hits you but does no damage.
Vashnia says, "Hold still for a moment.
You're making this shot difficult."
Vashnia shoots an arrow.
The arrow hits you!!
The naga sharpshooter mumbles some strange words.
The naga sharpshooter magically shoots a bolt.
The bolt hits you! Vashnia spits poison at you.
The splash of poison hits you but does no damage.
You resist.
Mara shimmers.
The naga sharpshooter mumbles some strange words.
The naga sharpshooter magically shoots a bolt.
You block the bolt.
As you read the scroll of teleportation, it crumbles to dust.
You feel strangely unstable.
Vashnia gestures wildly while chanting.
Vashnia magically shoots an arrow.
The arrow hits you!!
* * * LOW HITPOINT WARNING * * *
Mara gestures at you. The bolt of fire hits you!!!
You die...

#.........# ..........# ..#
..#.......# ..# .
###..§.#### ..## .. ####.##
##### ...#... ## #...#
##...# .....# .#
###..###....# ....N##...
##...#..#.R....###...N......
...>.#..†.R.....@..# ......
.....#..#...######## N...
.#####.(##### ##..N
##....### ######..##
....######## #........#
...## #...# #........# ..##
#...# #........# ### #...#
##....##### ..#
#...####..####


You could see Vashnia, 2 Maras and a naga sharpshooter.

Vanquished Creatures
  A nagaraja (Snake:1)
  Aizul (Snake:3)
  A hydra (Lair:3)
  Erica (D:8)
  6 anacondas
  5 naga warriors
  3 death yaks (Lair:1)
  2 shock serpents (Snake:3)
  5 naga sharpshooters
  6 naga ritualists
  2 bog bodies (Lair:3)
  An orc knight (Bailey)
  10 mana vipers
  An oklob plant (Snake:2)
  26 black mambas
  A salamander (Snake:2)
  Maurice (D:8)
  4 naga magi
  Maggie (D:9)
  12 cane toads
  A komodo dragon (Lair:3)
  A rime drake (Lair:1)
  A burning bush (Lair:2)
  A polar bear (Lair:1)
  A hornet (D:8)
  Prince Ribbit (D:8)
  Sigmund (D:2)
  A shadow (D:9)
  25 yaks
  4 wyverns
  2 basilisks (Lair:1)
  A steam dragon (D:7)
  An acid dragon (D:9)
  13 nagas
  10 water moccasins
  3 ice beasts (D:7)
  7 black bears
  10 orc warriors
  4 centaurs
  2 phantoms
  6 bullfrogs
  4 kobold brigands
  2 scorpions
  12 wights (D:8)
  2 howler monkeys (D:9)
  A jelly (D:7)
  A hound (D:5)
  A gnoll bouda (D:9)
  3 orc priests
  Jessica (D:3)
  4 iguanas
  8 orc wizards
  A sleepcap (D:6)
  Natasha (thrice) (D:2)
  15 adders
  22 gnolls
  A white imp (D:7)
  An ufetubus (D:5)
  4 worms
  4 dart slugs
  29 orcs
  3 endoplasms
  3 giant cockroaches
  23 goblins
  14 hobgoblins
  6 quokkas
  6 ball pythons
  4 bats
  4 frilled lizards
  57 kobolds
  2 rats
427 creatures vanquished.

Notes
Turn   | Place    | Note
-------+----------+-------------------------------------------
     0 | D:1      | vytenis3d the Gargoyle Gladiator began the quest for the
                  | Orb.
     0 | D:1      | Reached XP level 1. HP: 12/12 MP: 1/1
    94 | D:1      | Reached XP level 2. HP: 17/18 MP: 2/2
   269 | D:1      | Found Cuke's Weapon Emporium.
   269 | D:1      | Noticed a +0 giant spiked club
   269 | D:1      | Noticed a +0 bardiche
   363 | D:1      | Learned a level 1 spell: Sandblast
   942 | D:2      | Reached XP level 3. HP: 5/22 MP: 3/3
   946 | D:2      | Reached skill level 1 in Armour
  1082 | D:2      | Noticed Sigmund
  1110 | D:2      | Killed Sigmund
  1111 | D:2      | Reached skill level 4 in Maces & Flails
  1111 | D:2      | Reached XP level 4. HP: 24/28 MP: 4/4
  1111 | D:2      | Reached XP level 5. HP: 28/32 MP: 5/5
  1193 | D:2      | Noticed Natasha
  1199 | D:2      | Killed Natasha
  1200 | D:2      | Reached XP level 6. HP: 37/37 MP: 6/6
  1264 | D:2      | Noticed Natasha
  1272 | D:2      | Killed Natasha
  1273 | D:2      | Reached skill level 5 in Maces & Flails
  1401 | D:2      | Noticed Natasha
  1411 | D:2      | Killed Natasha
  2476 | D:3      | Identified the +2 robe of Claustrophobia {rF++ rC- Str+8
                  | Int-4}
  2601 | D:3      | Noticed Jessica
  2614 | D:3      | Killed Jessica
  2935 | D:4      | Found a staircase to the Ecumenical Temple.
  2959 | Temple   | Entered the Ecumenical Temple
  3053 | Temple   | Became a worshipper of Warmaster Okawaru
  3075 | D:4      | Found a sacrificial altar of Ru.
  3165 | D:4      | Reached XP level 7. HP: 42/42 MP: 7/7
  3538 | D:4      | Reached skill level 6 in Maces & Flails
  4153 | D:5      | Entered Level 5 of the Dungeon
  4463 | D:5      | Reached * piety under Okawaru
  4670 | D:5      | Found a radiant altar of Vehumet.
  4883 | D:5      | Reached XP level 8. HP: 48/48 MP: 8/8
  5110 | D:6      | Reached skill level 7 in Maces & Flails
  5110 | D:6      | Reached skill level 1 in Stealth
  5154 | D:6      | Reached skill level 5 in Fighting
  5158 | D:6      | Reached ** piety under Okawaru
  5277 | D:6      | Noticed a +0 dagger
  5279 | D:6      | Noticed a +0 hand axe
  5280 | D:6      | Found a hide-covered altar of Uskayaw.
  5327 | D:6      | Found Mikic's Assorted Antiques.
  5457 | D:6      | Reached skill level 5 in Armour
  5519 | D:6      | Found a hazy altar of Hepliaklqana.
  5519 | D:6      | Found an ornate altar of the Wu Jian Council.
  5800 | D:7      | Found a flagged portal.
  5806 | D:7      | Reached skill level 8 in Maces & Flails
  5819 | Bailey   | Entered a bailey
  5838 | Bailey   | Noticed an orc knight
  5850 | Bailey   | Killed an orc knight
  5851 | Bailey   | Reached XP level 9. HP: 54/56 MP: 6/9
  5905 | Bailey   | Reached skill level 9 in Maces & Flails
  5934 | Bailey   | Reached *** piety under Okawaru
  5964 | Bailey   | Identified the +4 great sword of the Sun {flame, Str+3}
  6446 | D:7      | Identified the +2 leather armour of Fortitude {*Slow Will+
                  | rCorr}
  6470 | D:7      | Reached XP level 10. HP: 63/64 MP: 10/10
  6685 | D:8      | Reached skill level 10 in Maces & Flails
  6692 | D:8      | Reached **** piety under Okawaru
  6693 | D:8      | Reached skill level 1 in Shields
  6744 | D:8      | Noticed Prince Ribbit
  6748 | D:8      | Killed Prince Ribbit
  7185 | D:8      | Noticed Erica
  7200 | D:8      | Killed Erica
  7200 | D:8      | Reached ***** piety under Okawaru
  7280 | D:8      | Found an opulent altar of Gozag.
  7280 | D:8      | Found a shimmering blue altar of Sif Muna.
  7281 | D:8      | Found a bloodstained altar of Trog.
  7314 | D:8      | Identified the +1 scale mail of Dithmenos, Muttering {rF+}
  7352 | D:8      | Reached skill level 11 in Maces & Flails
  7352 | D:8      | Noticed Maurice
  7367 | D:8      | Killed Maurice
  8117 | D:9      | Reached XP level 11. HP: 49/71 MP: 8/11
  8426 | D:9      | Identified the +5 ring mail of the Disturbing Ears
                  | {Rampage}
  8471 | D:9      | Received a gift from Okawaru
  8535 | D:9      | Reached skill level 5 in Shields
  8581 | D:9      | Noticed Maggie
  8591 | D:9      | Killed Maggie
  8901 | D:9      | Found a staircase to the Lair.
  9292 | Lair:1   | Entered Level 1 of the Lair of Beasts
  9319 | Lair:1   | Reached skill level 10 in Fighting
  9324 | Lair:1   | Received a gift from Okawaru
  9526 | Lair:1   | Reached skill level 12 in Maces & Flails
  9774 | Lair:1   | Noticed a death yak
  9780 | Lair:1   | Noticed a death yak
  9787 | Lair:1   | Killed a death yak
  9807 | Lair:1   | Noticed a death yak
  9813 | Lair:1   | Reached XP level 12. HP: 24/78 MP: 4/12
  9867 | Lair:1   | Killed a death yak
  9867 | Lair:1   | Received a gift from Okawaru
  9868 | Lair:1   | Reached skill level 5 in Throwing
 10172 | Lair:1   | Killed a death yak
 10798 | Lair:2   | Identified the +6 hand crossbow of Akott {elec, rElec rPois
                  | rF- Str+5} (Okawaru gifted it to you on level 2 of the Lair
                  | of Beasts)
 10798 | Lair:2   | Received a gift from Okawaru
 11526 | Lair:3   | Found a staircase to the Swamp.
 11605 | Lair:3   | Noticed a five-headed hydra
 11612 | Lair:3   | Killed a five-headed hydra
 11613 | Lair:3   | Reached skill level 13 in Maces & Flails
 11780 | Lair:3   | Identified the +2 pair of gloves "Aruof" {rC++ Str-2}
                  | (Okawaru gifted it to you on level 3 of the Lair of Beasts)
 11780 | Lair:3   | Received a gift from Okawaru
 11834 | Lair:3   | Reached ****** piety under Okawaru
 12096 | Lair:3   | Got the Papyrus of Mud
 12266 | Lair:3   | Found a staircase to the Snake Pit.
 12274 | Snake:1  | Entered Level 1 of the Snake Pit
 12362 | Snake:1  | Noticed a nagaraja
 12378 | Snake:1  | Killed a nagaraja
 12379 | Snake:1  | Reached XP level 13. HP: 77/85 MP: 11/13
 13944 | Snake:2  | Identified the +2 ring mail of the Hunter {Regen+} (Okawaru
                  | gifted it to you on level 2 of the Snake Pit)
 13944 | Snake:2  | Received a gift from Okawaru
 14061 | Snake:2  | Found an ornate altar of the Wu Jian Council.
 14091 | Snake:2  | Reached skill level 10 in Armour
 14240 | Snake:2  | Identified the +0 ring mail of Ciept {*Slow +Blink Str+5
                  | SInv}
 15222 | Snake:3  | Reached skill level 14 in Maces & Flails
 15222 | Snake:3  | Gained mutation: Your large and strong wings let you fly.
                  | [Gargoyle growth]
 15222 | Snake:3  | Reached XP level 14. HP: 70/94 MP: 9/14
 15227 | Snake:3  | Received a gift from Okawaru
 15243 | Snake:3  | Found Byoliteh's Weapon Shop.
 15375 | Snake:3  | Noticed Vashnia
 15750 | Snake:3  | Received a gift from Okawaru
 15775 | Snake:3  | Found the +5 demon whip "Spellbinder" {antimagic, disrupt,
                  | Will+}
 15779 | Snake:3  | Noticed Mara
 15780 | Snake:3  | Noticed vytenis3d's illusion
 16079 | Snake:3  | Identified the +1 great mace "Jolijuymp" {heavy, Str+3}
                  | (Okawaru gifted it to you on level 3 of the Snake Pit)
 16079 | Snake:3  | Received a gift from Okawaru
 16557 | Snake:3  | Noticed Aizul
 16579 | Snake:3  | Killed Aizul
 16591 | Snake:3  | Killed from afar by Mara (illusionary)

Illustrated notes

Levels and vault maps discovered:
D:1:      nicolae_arrival_somewhat_less_tricky_arrival, layout_basic,
          serial_shops, nicolae_shop_mannequins, hangedman_decor_growths,
          grunt_decor_arrowhead
D:2:      cheibrodos_old_hovel, layout_basic, hangedman_decor_riveting,
          minmay_goblin_outpost, uniq_sigmund, uniq_natasha
D:3:      layout_loops_corners, uniq_jessica
D:4:      minmay_goblin_kobold_castle, layout_basic, nicolae_ru_path_of_blood,
          minmay_temple_entry_wispy
D:5:      layout_loops_ring, old_standard_altar, minmay_door_square,
          kennysheep_generic_room_2
D:6:      layout_cave_pools, dancing_weapons_uskayaw, jmf_multi_god_temple,
          serial_shops, nicolae_shop_competitors_out_of_business,
          hangedman_decor_slide_cut, nicolae_half_adder
D:7:      layout_cave_pools, enter_bailey_3
D:8:      layout_layer_cave, chequers_temple_overflow_statue_of_worship,
          uniq_maurice, uniq_erica, uniq_prince_ribbit1
D:9:      layout_irregular_city, grunt_lair_entry_orc_guard_hut,
          grunt_ministairs_6, uniq_maggie
Temple:   eino_temple_lava
Lair:1:   layout_cave_pods, lemuel_fruit_tree
Lair:2:   hellmonk_ruined_rings, layout_gridlike, evilmike_ambush
          [evilmike_ambush_outer_pillars, evilmike_ambush_inner_pond]
Lair:3:   layout_loops_ring, skrybe_swamp_entry_bodies,
          nicolae_snake_entry_squirm
Snake:1:  layout_chambers
Snake:2:  layout_misc_corridors, lemuel_oklob_altar, nicolae_integral_box
Snake:3:  layout_misc_corridors, serial_shops, nicolae_shop_stone, drop_trap,
          nicolae_snake_double_loop, grunt_megastairs_4, uniq_vashnia,
          uniq_aizul, uniq_mara

Skill      XL: |  1  2  3  4  5  6  7  8  9 10 11 12 13 14 |
---------------+-------------------------------------------+-----
Throwing       | 2 3 4 6 8 9 |  9.3
Armour         | 2 4 5 6 7 8 9 10 11 | 11.5
Fighting       | 3 4 6 8 9 10 11 13 | 13.9
Maces & Flails | 4 5 6 8 9 11 12 13 14 | 14.0
Dodging        | 3 |  3.1
Stealth        | 1 |  1.6
Shields        | 4 6 7 8 9 |  9.9
Spellcasting   | |  0.6
Earth Magic    | |  0.5
Invocations    | |  0.2

Action                     |  1- 3 |  4- 6 |  7- 9 | 10-12 | 13-15 || total
---------------------------+-------+-------+-------+-------+-------++-------
  Melee: Flail             |    78 |   133 |   300 |   405 |   375 ||  1291
         Punch             |     1 |       |     4 |       |       ||     5
  Throw: Throwing net      |     3 |     3 |       |       |       ||     6
         Javelin           |     2 |    10 |       |       |       ||    12
         Dart              |       |       |     3 |       |     3 ||     6
         Boomerang         |       |       |       |   156 |   142 ||   298
 Invoke: Heroism           |       |       |     2 |     3 |       ||     5
  Evoke: Wand              |       |       |       |     1 |     1 ||     2
    Use: Potion            |     1 |       |     1 |    12 |     2 ||    16
         Scroll            |       |     1 |     9 |    10 |    14 ||    34
 Armour: Leather armour    |    23 |       |       |       |       ||    23
         Chain mail        |    35 |    93 |   178 |   137 |       ||   443
         Plate armour      |       |       |       |   118 |   256 ||   374
         Ring mail         |       |       |       |     9 |       ||     9
  Dodge: Dodged            |    61 |    69 |   143 |   162 |   109 ||   544
  Block: Kite shield       |       |       |    11 |   217 |   211 ||   439
